 Dungeon Crawl Stone Soup version 0.26-a0-784-g51bffae0b1 (webtiles) character file.

Game seed: 999677189751900742

24 Kinoniko the Skirmisher (level 3, -7/33 HPs)
             Began as a Hill Orc Fighter on Nov 10, 2020.
             Mangled by Sigmund
             ... wielding a +0 scythe
              (12 damage)
             ... on level 2 of the Dungeon.
             The game lasted 00:00:53 (1011 turns).

Kinoniko the Skirmisher (Hill Orc Fighter)          Turns: 1011, Time: 00:00:53

Health: -7/33      AC:  6    Str: 18    XL:     3   Next: 2%
Magic:  3/3        EV: 11    Int:  8    God:
Gold:   116        SH:  0    Dex: 11    Spells: 2/2 levels left

rFire    . . .     SeeInvis .   a - +0 long sword
rCold    . . .     Faith    .   c - +0 kite shield
rNeg     . . .     Spirit   .   b - +0 scale mail
rPois    .         Reflect  .   (no helmet)
rElec    .         Harm     .   (no cloak)
rCorr    .         Rampage  .   (no gloves)
MR       .....                  (no boots)
Stlth    ..........             (no amulet)
HPRegen  0.11/turn              k - +4 ring of evasion
MPRegen  0.08/turn              (no ring)

@: confused, mighty, lethally poisoned (-7 -> -14)
A: high mp 1, sense surroundings 1
a: no special abilities


You were on level 2 of the Dungeon.
You visited 1 branch of the dungeon, and saw 2 of its levels.

You collected 116 gold pieces.

Inventory:

Hand Weapons
 a - a +0 long sword (weapon)
Armour
 b - a +0 scale mail (worn)
 c - a +0 kite shield (worn)
Jewellery
 k - a +4 ring of evasion (left hand)
Scrolls
 e - a scroll of magic mapping
 f - a scroll of identify
 i - a scroll of amnesia {unknown}
 j - a scroll of remove curse {unknown}
Potions
 d - a potion of might
 h - a potion of degeneration {unknown}


   Skills:
 + Level 3.9 Fighting
 * Level 2.9 Long Blades
 + Level 3.5 Armour
 + Level 3.5 Shields


You had 2 spell levels left.
You didn't know any spells.
Your spell library was empty.

Dungeon Overview and Level Annotations

Branches:
Dungeon (2/15)

Altars:

Annotations:
D:2 Sigmund


Innate Abilities, Weirdness & Mutations

You have an increased reservoir of magic. (+10% MP)
You passively map a small area around you.


Message History

You are poisoned.
The adder poisons you!
You closely miss something.
You feel sick. Something hits you. The adder barely misses you.
You completely miss the adder.
You feel sick. The adder closely misses you. Something hits you.
The adder bites you.
* * * LOW HITPOINT WARNING * * *
You are lethally poisoned!
The adder poisons you!
You hit something.
* * * LOW HITPOINT WARNING * * *
You feel sick. The adder closely misses you. Something completely misses you.
The adder misses you.
Unknown command.
It was a potion of mutation.
You feel extremely strange.
You feel more energetic.
You feel a strange attunement to the structure of the dungeons.
* * * LOW HITPOINT WARNING * * *
You feel sick. The adder misses you. Something hits you!
You die...

#####.# ,
#...#.# *,,
#.#.#.# * *
#.#.#.# , *
#.#'#'######
#..<.........
,#......######
#....S.# ,
#.###@## * , ,
#.# #{#, , ,
#.#*#'# * #..
... , #., ...
, , , ..... ,
*, ##+#( ## ,


You could see an adder.

Vanquished Creatures
  A worm (D:2)
  2 leopard geckos (D:1)
  3 bats (D:1)
  A giant cockroach (D:1)
  3 hobgoblins
  4 kobolds (D:1)
  A frilled lizard (D:2)
  2 goblins (D:1)
  A rat (D:1)
18 creatures vanquished.

Notes
Turn   | Place    | Note
-------+----------+-------------------------------------------
     0 | D:1      | Kinoniko the Hill Orc Fighter began the quest for the Orb.
     0 | D:1      | Reached XP level 1. HP: 19/19 MP: 1/1
   359 | D:1      | Reached XP level 2. HP: 27/27 MP: 2/2
   995 | D:2      | Reached XP level 3. HP: 33/33 MP: 3/3
   995 | D:2      | Noticed Sigmund
  1011 | D:2      | Gained mutation: You have an increased reservoir of magic.
                  | (+10% MP) [potion of mutation]
  1011 | D:2      | Gained mutation: You passively map a small area around you.
                  | [potion of mutation]
  1011 | D:2      | Mangled by Sigmund

Illustrated notes

Levels and vault maps discovered:
D:1:      minmay_arrival_jagged, layout_basic
D:2:      layout_basic, uniq_sigmund

Action                   || total
-------------------------++-------
Melee: Long sword        ||    67
  Use: Scroll            ||     2
       Potion            ||     2
Armor: Scale mail        ||    34
Dodge: Dodged            ||    25
Block: Kite shield       ||    38
       Rpst.: Long sword ||     3

Table legend: (Time is in decaauts)
 A = Elapsed time spent in this place.
 B = Non-inter-level travel time spent in this place.
 C = Inter-level travel time spent in this place.
 D = Time resting spent in this place.
 E = Time spent auto-exploring this place.
 F = Levels seen in this place.
 G = Mean time per level.
                   A        B        C        D        E       F      G
               +--------+--------+--------+--------+--------+-----+--------+
         Total |   1033 |   1014 |     19 |      0 |    859 |   2 |  516.5 |
       Dungeon |   1033 |   1014 |     19 |      0 |    859 |   2 |  516.5 |
               +--------+--------+--------+--------+--------+-----+--------+

Top non-repeatable levels by time:
     D:1: 987 daAuts
     D:2: 46 daAuts
